Map: Tokamak LE

Players

SubN

  • Race: Zerg Zerg
  • League: Diamond
  • Spawn Location: 7:00

MercyPlease - Winner!

  • Race: Terran Terran
  • League: Platinum
  • Spawn Location: 1:00

VOD

Have the link to the VOD?

Description

Time

  • Played on: July 28, 2025, 5:19 p.m.
  • Length: 26:08
Show
View Real Time Build Order
Export as new Build Order

SubN Zerg 

Build Orders: Pool First 

Get SALT Encoding   

  12  0:00  Drone  
  13  0:12  Overlord  
  13  0:16  Drone  
  14  0:31  Drone  
  15  0:37  Spawning Pool  
  15  0:40  Drone  
  15  0:44  Drone  
  16  1:05  Hatchery  
  16  1:10  Drone  
  16  1:17  Extractor  
  15  1:24  Zergling x6  
  18  1:32  Queen  
  20  1:40  Overlord  
  20  1:49  Overlord  
  20  1:58  Drone  
  21  2:07  Drone  
  22  2:24  Queen  
  23  2:49  Drone x6  
  29  2:56  Roach Warren  
  28  3:00  Metabolic Boost  
  28  3:10  Lair  
  28  3:14  Drone x3  
  31  4:05  Queen  
  31  4:07  Queen  
  31  4:08  Glial Reconstitution  
  31  4:09  Hatchery  
  34  4:13  Overlord  
  34  4:14  Overlord  
  34  4:18  Drone  
  35  4:33  Drone x8  
  35  4:36  Drone  
  35  4:38  Drone  
  45  4:41  Drone  
  45  4:43  Drone, Queen  
  49  4:51  Extractor  
  48  4:55  Overlord  
  48  5:00  Roach  
  50  5:08  Drone  
  50  5:10  Overlord  
  50  5:12  Queen  
  50  5:13  Overlord  
  53  5:16  Drone  
  53  5:17  Drone x2  
  53  5:20  Drone  
  57  5:24  Spire  
  57  5:28  Overseer  
  56  5:30  Overseer  
  56  5:36  Extractor, Queen  
  56  5:39  Roach  
  59  5:45  Overlord  
  59  5:55  Roach x3  
  65  6:01  Drone x3  
  68  6:07  Drone  
  68  6:10  Drone, Extractor  
  69  6:15  Drone  
  69  6:16  Baneling Nest  
  69  6:17  Drone x4  
  69  6:18  Drone x3  
  76  6:26  Queen  
  76  6:27  Overlord  
  78  6:33  Overlord  
  78  6:35  Overlord  
  78  6:38  Zerg Flyer Weapons Level 1  
  78  6:40  Drone x3  
  81  6:49  Roach x3  
  81  6:50  Roach x2  
  90  7:04  Centrifugal Hooks, Spore Crawler  
  90  7:05  Overlord  
  90  7:07  Overlord  
  89  7:12  Ravager x2  
  91  7:17  Drone x10  
  91  7:21  Extractor  
  100  7:30  Evolution Chamber  
  100  7:31  Evolution Chamber  
  98  7:38  Corruptor x3  
  104  7:48  Spore Crawler  
  103  7:56  Overlord  
  103  7:57  Overlord  
  103  8:00  Corruptor x3  
  108  8:18  Zerg Missile Weapons Level 1  
  108  8:23  Zerg Ground Armor Level 1  
  108  8:25  Drone x2  
  110  8:27  Drone x3  
  110  8:28  Drone x3, Extractor  
  110  8:30  Drone  
  116  8:45  Hatchery  
  115  8:57  Drone  
  116  9:04  Roach  
  116  9:05  Roach x14  
  146  9:13  Hatchery  
  145  9:30  Zergling x2  
  146  9:33  Overlord x5  
  124  10:03  Ravager  
  124  10:04  Ravager x5  
  114  10:07  Corruptor x4  
  114  10:10  Roach x4  
  114  10:11  Zergling x2  
  114  10:12  Zergling x4  
  119  10:16  Zerg Missile Weapons Level 2  
  119  10:17  Zerg Melee Weapons Level 1  
  113  10:21  Zerg Flyer Weapons Level 2  
  113  10:27  Queen  
  115  10:38  Baneling  
  115  10:39  Baneling x5  
  115  10:41  Zergling x8  
  115  10:42  Zergling x14  
  126  10:52  Ravager x4  
  130  11:03  Zergling x2  
  130  11:04  Zergling x20  
  145  11:11  Roach x3  
  145  11:17  Zergling x6  
  150  11:21  Zergling x2  
  150  11:22  Zergling x16  
  150  11:24  Baneling  
  150  11:25  Baneling x7  
  121  12:06  Corruptor x3  
  121  12:07  Corruptor x2  
  127  12:22  Roach  
  123  12:23  Roach x11  
  123  12:24  Zergling x2  
  123  12:25  Zergling x18  
  155  12:37  Infestation Pit  
  155  12:40  Drone x9  
  143  13:15  Hive  
  143  13:26  Zergling x8  
  143  13:27  Zergling x8  
  150  13:30  Zergling x4  
  150  13:31  Zergling x30  
  168  13:38  Queen  
  168  13:40  Hatchery  
  169  13:43  Hatchery  
  168  13:50  Overlord x5  
  111  14:17  Roach x3  
  111  14:18  Roach x5  
  111  14:19  Zergling x2  
  111  14:20  Zergling x26  
  139  14:29  Roach x5  
  150  14:41  Baneling  
  150  14:42  Baneling x5  
  150  14:45  Zerg Ground Armor Level 2, Zerg Missile Weapons Level 3  
  150  14:50  Greater Spire  
  150  14:54  Baneling x7  
  150  14:55  Queen  
  150  14:57  Overlord  
  152  15:00  Overlord  
  152  15:01  Overlord  
  152  15:03  Hatchery  
  152  15:18  Corruptor x3  
  157  15:22  Roach x8  
  157  15:23  Roach  
  159  15:41  Infestor x4  
  167  15:50  Drone x4  
  167  15:51  Drone x11  
  167  15:54  Extractor  
  181  16:00  Overlord  
  181  16:11  Brood Lord x5  
  187  16:12  Corruptor, Brood Lord  
  187  16:13  Corruptor  
  187  16:18  Zergling x2  
  198  16:19  Overlord x3, Extractor  
  198  16:21  Extractor  
  198  16:24  Extractor  
  195  16:33  Ravager x4  
  185  16:55  Zergling x12  
  185  16:56  Zergling x18  
  200  17:02  Overseer  
  200  17:05  Hatchery  
  165  17:31  Roach  
  165  17:32  Roach x12  
  157  17:52  Zergling x2  
  157  17:53  Roach x5  
  157  17:54  Roach x6  
  176  17:59  Zergling x28  
  170  18:38  Corruptor x3  
  170  18:41  Zergling x18  
  173  18:42  Zergling x6  
  180  18:59  Corruptor x7  
  190  19:08  Infestor x3  
  184  19:22  Zerg Flyer Weapons Level 3  
  184  19:25  Zerg Melee Weapons Level 2, Zerg Ground Armor Level 3  
  184  19:27  Adrenal Glands  
  184  19:41  Extractor  
  184  19:44  Corruptor x5  
  193  19:50  Brood Lord x3  
  199  19:58  Hydralisk Den  
  198  20:01  Ultralisk Cavern  
  171  20:42  Overseer x3  
  171  20:51  Roach x10  
  171  20:54  Zergling x6, Hydralisk  
  171  20:55  Zergling x2, Hydralisk  
  187  21:12  Roach x4  
  187  21:13  Roach  
  152  21:33  Hydralisk x7  
  152  21:36  Zergling x2, Hatchery  
  152  21:37  Zergling x16  
  144  21:59  Zerg Flyer Armor Level 1  
  134  22:26  Brood Lord x3  
  140  22:52  Queen  
  142  23:05  Hatchery  
  141  23:06  Hatchery  
  141  23:08  Extractor  
  139  23:17  Roach  
  139  23:18  Roach x14  
  169  23:23  Baneling x3  
  169  23:25  Zergling x2  
  169  23:26  Zergling x28  
  166  24:04  Hydralisk  
  166  24:05  Hydralisk x7  
  182  24:15  Hatchery  
  135  24:33  Roach  
  135  24:34  Roach x9  
  87  25:08  Roach x4  
  87  25:09  Roach  
  84  25:26  Queen  
  87  25:28  Drone x12  
  96  25:40  Hatchery  
  95  25:45  Zergling x10  
  94  26:05  Hatchery  
Show
View Real Time Build Order
Export as new Build Order

MercyPlease Terran - Winner!

Build Orders: Reaper Expand, Mech 

Get SALT Encoding   

  12  0:00  SCV  
  13  0:12  SCV  
  14  0:21  Supply Depot  
  14  0:25  SCV  
  15  0:42  SCV  
  16  0:43  Barracks  
  16  0:51  Refinery  
  16  0:54  SCV  
  17  1:06  SCV  
  18  1:18  SCV  
  19  1:31  Orbital Command  
  19  1:34  Reaper  
  20  1:42  Command Center  
  20  1:55  Supply Depot  
  20  1:58  SCV  
  21  2:07  Marine  
  22  2:11  SCV  
  23  2:15  Factory  
  23  2:23  SCV  
  23  2:28  Marine  
  24  2:37  SCV  
  25  2:49  SCV  
  26  2:53  Command Center  
  26  3:00  Barracks Reactor  
  26  3:01  SCV  
  26  3:02  Factory Tech Lab  
  27  3:13  SCV  
  27  3:18  Refinery  
  28  3:25  SCV  
  29  3:29  Starport  
  29  3:32  Orbital Command  
  29  3:37  SCV  
  29  3:56  SCV  
  29  3:59  Siege Tank  
  33  4:06  Supply Depot  
  33  4:08  Refinery  
  33  4:11  Orbital Command  
  33  4:12  Starport Tech Lab  
  33  4:13  SCV  
  34  4:22  Marine x2  
  36  4:25  Supply Depot  
  36  4:31  Banshee  
  36  4:37  Siege Tank  
  42  4:40  SCV  
  42  4:41  Refinery  
  42  4:45  Orbital Command, SCV  
  44  4:52  SCV  
  45  4:53  Engineering Bay  
  45  4:57  SCV  
  46  5:00  Factory  
  46  5:04  SCV  
  47  5:09  SCV  
  48  5:15  Banshee  
  48  5:16  Refinery, SCV  
  52  5:24  SCV  
  52  5:26  SCV  
  55  5:28  SCV  
  55  5:29  Barracks Tech Lab  
  55  5:33  Refinery  
  55  5:36  SCV  
  55  5:37  Hellion x2  
  55  5:38  SCV  
  55  5:40  SCV  
  62  5:48  SCV  
  63  5:50  SCV  
  64  6:00  SCV  
  64  6:01  SCV  
  64  6:02  SCV  
  67  6:04  Factory  
  67  6:06  Supply Depot  
  67  6:07  Supply Depot  
  67  6:11  Hellion  
  67  6:12  Hellion x2, SCV  
  67  6:17  Armory  
  74  6:19  Supply Depot  
  74  6:25  SCV x2  
  76  6:26  Supply Depot  
  76  6:33  Hellion  
  76  6:36  Infernal Pre-Igniter  
  78  6:41  Hellion  
  78  6:43  SCV x3  
  78  6:46  Armory  
  82  6:51  Hellion x2  
  84  6:54  Hellion  
  84  6:55  SCV  
  84  6:58  Banshee  
  89  7:02  Hellion  
  89  7:04  SCV x2  
  93  7:09  Cloaking Field  
  93  7:13  Supply Depot  
  93  7:14  Supply Depot  
  93  7:15  Supply Depot, Factory Tech Lab  
  93  7:18  Hellion x2  
  97  7:30  SCV x3  
  97  7:33  Siege Tank  
  97  7:35  Siege Tank  
  106  7:42  SCV  
  107  7:46  Mag-Field Accelerator  
  107  7:47  Terran Vehicle Weapons Level 1, Terran Vehicle And Ship Armor Level 1  
  107  7:52  Supply Depot, Command Center  
  107  7:54  Supply Depot  
  107  7:58  Factory  
  107  8:00  SCV x3  
  110  8:12  SCV x3  
  115  8:20  Hellion x2, Siege Tank x2  
  115  8:24  SCV x3  
  124  8:35  Hellion x8  
  124  8:39  SCV x3  
  125  8:51  SCV x2  
  125  8:52  Siege Tank  
  124  8:57  SCV  
  124  9:00  Siege Tank  
  128  9:03  SCV x2  
  128  9:09  SCV  
  131  9:16  Neosteel Armor  
  127  9:21  Missile Turret  
  127  9:23  Missile Turret  
  115  9:26  Missile Turret  
  115  9:28  Factory  
  115  9:31  Barracks Tech Lab  
  115  9:34  Sensor Tower  
  115  9:39  Command Center  
  115  9:44  SCV x3  
  115  9:45  SCV  
  109  9:49  Siege Tank x3  
  103  10:02  Hellion x2  
  97  10:11  SCV x3  
  101  10:16  Terran Vehicle And Ship Armor Level 2, Terran Vehicle Weapons Level 2  
  101  10:21  Hellion, Siege Tank x2  
  105  10:23  Hellion, SCV  
  105  10:25  Factory  
  105  10:26  Factory  
  105  10:28  Starport  
  110  10:35  Missile Turret  
  110  10:39  SCV  
  110  10:40  SCV x2  
  113  10:47  Missile Turret  
  113  10:52  SCV x3  
  113  10:54  Missile Turret, Refinery, Siege Tank x2, Hellion x3  
  113  10:55  Refinery  
  128  11:02  Missile Turret  
  128  11:07  Factory Reactor  
  128  11:09  Planetary Fortress  
  128  11:11  Hellion x2  
  132  11:15  Hellion, Siege Tank  
  132  11:16  Hellion  
  132  11:18  Missile Turret  
  139  11:27  Hellion x2  
  131  11:40  Missile Turret  
  131  11:42  Refinery  
  131  11:44  Missile Turret  
  131  11:46  Refinery  
  116  11:48  Cyclone x2  
  116  11:54  SCV x4  
  121  12:05  Cyclone  
  111  12:20  Cyclone x2  
  117  12:23  Factory Tech Lab x2  
  117  12:34  Missile Turret  
  117  12:35  Refinery  
  117  12:37  Cyclone  
  117  12:42  SCV x3  
  123  12:52  Cyclone x2  
  124  13:15  Planetary Fortress  
  124  13:20  Missile Turret  
  124  13:21  Hellion x4, Missile Turret  
  124  13:22  Hellion, Terran Vehicle Weapons Level 3  
  124  13:23  Missile Turret, Terran Vehicle And Ship Armor Level 3  
  134  13:28  Missile Turret, SCV x2  
  134  13:29  SCV x2  
  138  13:36  Fusion Core  
  138  13:39  Starport Reactor  
  138  13:40  SCV x2  
  138  13:41  SCV x2  
  142  13:47  Sensor Tower  
  142  13:52  SCV  
  142  13:53  SCV x3  
  146  14:05  SCV x2  
  131  14:14  SCV  
  131  14:15  SCV x2  
  131  14:17  Siege Tank x4, SCV x2  
  135  14:18  Hellion x3  
  154  14:37  Cyclone  
  157  14:48  Command Center  
  157  14:49  Cyclone x3  
  157  14:50  Advanced Ballistics  
  166  15:10  Cyclone x2  
  172  15:21  Cyclone  
  159  15:35  Hellion  
  159  15:36  Hellion x5  
  169  15:48  Command Center  
  169  15:51  Command Center  
  169  16:24  Sensor Tower  
  169  16:34  Liberator x2  
  175  16:40  Starport  
  171  17:02  Missile Turret  
  160  17:12  Command Center  
  160  17:14  Cyclone x3  
  160  17:15  Cyclone x2  
  156  17:19  Orbital Command  
  156  17:20  Orbital Command  
  150  17:27  Viking x2  
  150  17:28  Viking  
  155  17:30  Starport Reactor  
  155  17:31  Terran Ship Weapons Level 1  
  148  17:49  Thor x3  
  148  17:50  Thor, Cyclone  
  161  17:57  Viking x2  
  161  17:58  Viking  
  161  18:11  Hellion x3  
  158  18:22  Cyclone  
  158  18:27  Viking  
  158  18:32  Thor x2, Cyclone x2  
  176  18:40  Orbital Command  
  173  18:44  Orbital Command  
  173  18:45  Planetary Fortress  
  172  19:05  Siege Tank x3  
  181  19:15  Siege Tank  
  181  19:16  Hellion x4, Siege Tank  
  195  19:31  SCV x3  
  195  19:32  SCV x2  
  200  19:52  Command Center  
  200  19:54  Refinery  
  200  20:03  Command Center  
  146  21:30  Cyclone  
  146  21:31  Cyclone x4  
  136  21:40  Orbital Command  
  136  21:42  Viking x5  
  140  22:03  Cyclone x3  
  134  22:15  Refinery  
  134  22:16  Planetary Fortress  
  134  22:18  Hellion  
  134  22:19  Hellion x5, Terran Ship Weapons Level 2  
  143  22:35  Hellion x3  
  149  22:39  Hellion  
  149  22:40  Hellion x5  
  149  22:41  Viking x4  
  149  22:42  Viking, Orbital Command  
  171  22:55  Refinery  
  171  22:56  Hellion x2  
  171  22:57  Hellion  
  177  23:01  Hellion x6  
  189  23:11  Viking  
  191  23:18  Hellion x3  
  197  23:22  Hellion  
  199  23:39  Refinery  
  187  23:51  Hellion x6  
  177  24:33  Hellion x3  
  177  24:34  Hellion x4  
  177  24:36  Hellion x6  
  177  24:37  Hellion x3  
  195  24:44  Viking x4  
  195  24:45  Viking  
  189  24:56  Hellion  
  189  24:57  Hellion  
  172  25:10  Cyclone  
  172  25:11  Cyclone x4  
  172  25:12  Command Center  
  185  25:14  Viking  
  185  25:20  Hellion x4  
  175  25:41  Hellion  
  175  25:42  Hellion x3  
  183  25:43  Hellion  
  194  25:50  Command Center  
Tags
 
Composition
Mech
Matchup
TvZ
Replay Pack
Multiplayer
Spawn Locations
Cross Positions
Add a new tag
Caveats
  • Supply blocks, unpowered buildings, or Contaminate may cause inaccurate times.
  • Supply counts are checked every 10 seconds.